Cogmind - Beta 14 @@@ ROGUE MODE // 2025.01.19 @ 13:39:12 Player: abnormality Result: Destroyed by G-67 Veteran with Field Laser Performance ------------- Evolutions (1) 500 Regions Visited (5) 1000 Robots Destroyed (12) 60 Value Destroyed (215) 215 Prototype IDs (1) 20 Alien Tech Used (0) 0 Bonus (600) 600 TOTAL SCORE: 2395 Bonus ------- Met Imprinter 300 Was Imprinted 300 Cogmind --------- Core Integrity 0/400 Matter 300/300 Energy 100/100 System Corruption 0% Temperature Cool (9) Movement Flying (55) Location -6/Proximity Caves Parts ------- > --- POWER (2) -------- (None) > --- PROPULSION (3) --- Makeshift Flight Unit > --- UTILITY (2) ------ Makeshift Hacking Suite > --- WEAPON (2) ------- (None) > --- INVENTORY (5) ---- Light Fission Core Seismic Detector Improved Salvage Targeting Computer Core Analyzer Hacking Drone Bay Peak State ------------ > --- POWER ------------ Light Deuterium Engine > --- PROPULSION ------- Makeshift Flight Unit > --- UTILITY ---------- Targeting Computer Makeshift Hacking Suite > --- WEAPON ----------- Medium Laser > --- INVENTORY -------- Light Fission Core Seismic Detector Improved Salvage Targeting Computer Core Analyzer Hacking Drone Bay [Rating: 15] Favorites ----------- Power Light Ion Engine Engine Light Ion Engine Propulsion Light Treads Treads Light Treads Flight Unit Makeshift Flight Unit Utility Targeting Computer Device Seismic Detector Storage Small Storage Unit Processor Targeting Computer Hackware Makeshift Hacking Suite Weapon Medium Laser Energy Gun Medium Laser Energy Cannon Beam Cannon Ballistic Gun Light Assault Rifle Ballistic Cannon Light Cannon Build | -11 -10 -9 -9 -7 -6 ------- Run | Yrd Mat Mat Min Zio Pro Slots Evolved 2 | . . 2 . . . Power 1 | . . 1 . . . Propulsion 1 | . . 1 . . . Utility . | . . . . . . Weapon . | . . . . . . Parts Attached 25 | 6 8 4 2 3 2 Power 5 | 1 1 1 . 1 1 Engine 5 | 1 1 1 . 1 1 Core . | . . . . . . Reactor . | . . . . . . Propulsion 4 | 2 . 1 . 1 . Treads 2 | 2 . . . . . Leg . | . . . . . . Wheel . | . . . . . . Hover . | . . . . . . Flight 2 | . . 1 . 1 . Utility 5 | 2 1 . 1 1 . Device 2 | 1 . . 1 . . Storage 1 | 1 . . . . . Processor 1 | . 1 . . . . Hackware 1 | . . . . 1 . Protection . | . . . . . . Artifact . | . . . . . . Weapon 11 | 1 6 2 1 . 1 Energy Gun 8 | 1 4 1 1 . 1 Energy Cannon 1 | . 1 . . . . Ballistic Gun 1 | . . 1 . . . Ballistic Cannon 1 | . 1 . . . . Launcher . | . . . . . . Special Weapon . | . . . . . . Impact Weapon . | . . . . . . Slashing Weapon . | . . . . . . Piercing Weapon . | . . . . . . Special Melee Weapon . | . . . . . . Unidentified Prototypes 1 | . 1 . . . . Parts Lost 11 | . 2 5 . . 4 Power 4 | . 1 2 . . 1 Propulsion 3 | . 1 2 . . . Utility 1 | . . . . . 1 Weapon 3 | . . 1 . . 2 Highest Loss Streak 3 | . 2 3 . . 2 To Critical Strikes . | . . . . . . Average Slot Usage (%) 64 | . 93 44 41 63 48 Engine 9 | . 13 7 . 10 7 Treads 5 | . 23 2 . . . Flight 5 | . . 4 . 10 11 Device 3 | . 8 . 8 . . Storage 3 | . 14 3 . . . Processor 9 | . 5 11 11 11 7 Hackware 5 | . . . . 9 11 Energy Gun 13 | . 23 3 11 11 9 Ballistic Gun 7 | . . 6 11 11 2 Peak Build Rating 15 | 6 11 8 5 14 15 Average Rating 9 | 4 9 4 4 12 13 On Entrance 5 | . 6 8 2 3 14 Naked Turns . | . . . . . . Heaviest Build 17 | 13 17 14 5 6 7 Greatest Support 40 | 40 40 20 3 8 8 Greatest Overweight (x) 3 | . . 3 1 . . Average Overweight (x) . | . . . . . . Largest Inventory Capacity 8 | 8 8 8 5 5 5 Average Capacity 5 | 7 8 6 5 5 5 Most Carried 6 | 5 6 6 5 5 5 Average Carried 4 | 2 3 4 3 4 4 Final Capacity 8 | 8 8 5 5 5 5 Final Carried 6 | 3 6 4 5 5 5 Class Distribution -------------------- 100% | Mutant Dominant Class ---------------- Mutant | -10/Materials Mutant | -9/Materials Mutant | -9/Mines Mutant | -7/Zion Mutant | -6/Proximity Caves Resources | -11 -10 -9 -9 -7 -6 ----------- Run | Yrd Mat Mat Min Zio Pro Matter Collected 462 | 203 160 16 32 31 20 Remotely . | . . . . . . Salvage Created 356 | 94 190 51 21 . . Parts 18 | 6 7 4 1 . . Haulers Intercepted 1 | . 1 . . . . Recyclers Shooed . | . . . . . . Parts Field Recycled . | . . . . . . Retrieved Matter . | . . . . . . Parts Self-Destructed . | . . . . . . Prevented . | . . . . . . Kills | -11 -10 -9 -9 -7 -6 ------- Run | Yrd Mat Mat Min Zio Pro Combat Hostiles Destroyed 7 | . 4 3 . . . Guns 3 | . 3 . . . . Cannons 4 | . 1 3 . . . Classes Destroyed 6 | 2 2 1 1 . . Worker 1 | . . . 1 . . Tunneler 2 | 2 . . . . . Hauler 1 | . 1 . . . . Recycler 1 | 1 . . . . . Swarmer 3 | . . 3 . . . Grunt 4 | . 4 . . . . Best Kill Streak 3 | 3 2 3 1 . . Combat Bots Only 3 | . 2 3 . . . Max Kills in Single Turn 2 | 1 2 1 1 . . Gunslinging 1 | . 1 . . . . Exploded . | . . . . . . Melee . | . . . . . . Uniques/NPCs Destroyed . | . . . . . . Combat | -11 -10 -9 -9 -7 -6 -------- Run | Yrd Mat Mat Min Zio Pro Hostile Shots Fired 158 | . 52 59 1 . 46 Missed 46 | . 4 17 . . 25 Damage Taken 1473 | . 645 428 18 . 382 Core 459 | . 52 195 18 . 194 Absorbed by Shields . | . . . . . . Core Remaining (%) 89 | 100 79 . . . . Volleys Fired 43 | 17 14 10 2 . . Largest 2 | 1 2 2 2 . . Hottest 116 | 50 112 116 70 . . Shots Fired 67 | 17 28 18 4 . . Gun 47 | 17 17 9 4 . . Cannon 20 | . 11 9 . . . Launcher . | . . . . . . Special . | . . . . . . Kinetic 14 | . 11 1 2 . . Thermal 53 | 17 17 17 2 . . Explosive . | . . . . . . Electromagnetic . | . . . . . . Robot Hit Streak 7 | 4 6 7 3 . . Robot Miss Streak 5 | 2 2 5 2 . . Penetration Max . | . . . . . . Secondary Targets 2 | . 2 . . . . Max Gunslinging Chain 1 | . 1 . . . . Shots Hit Robots 39 | 9 19 9 2 . . Core Hits 14 | 4 7 2 1 . . Critical Kills . | . . . . . . Critical Parts Destroyed . | . . . . . . Critical Strikes 3 | . 2 1 . . . Burn 3 | . 2 1 . . . Melee Attacks . | . . . . . . Impact . | . . . . . . Slashing . | . . . . . . Piercing . | . . . . . . Sneak Attacks . | . . . . . . Combat Hostiles . | . . . . . . Follow-up Attacks . | . . . . . . Damage Inflicted 670 | 125 365 157 23 . . Guns 425 | 125 225 52 23 . . Cannons 245 | . 140 105 . . . Explosions . | . . . . . . Melee . | . . . . . . Ramming . | . . . . . . Kinetic 150 | . 140 . 10 . . Thermal 520 | 125 225 157 13 . . Explosive . | . . . . . . Electromagnetic . | . . . . . . Impact . | . . . . . . Slashing . | . . . . . . Piercing . | . . . . . . Highest Corruption . | . . . . . . Average Corruption . | . . . . . . Corruption Purged . | . . . . . . Corruption Blocked . | . . . . . . Overload Shots . | . . . . . . Overflow Damage 12 | . . 12 . . . Projectiles 12 | . . 12 . . . Explosions . | . . . . . . Melee . | . . . . . . Knockbacks 4 | . 4 . . . . Impact . | . . . . . . Kinetic 4 | . 4 . . . . Secondary . | . . . . . . Self-Inflicted Damage . | . . . . . . Shots . | . . . . . . Rammed . | . . . . . . Targets Rammed . | . . . . . . Kicked . | . . . . . . Crushed . | . . . . . . Highest Temperature 416 | 122 416 200 14 . . Average Temperature 131 | 55 180 98 10 . . Received Heat Transfer 666 | . 396 141 9 . 120 Effects 6 | . 6 . . . . Energy Bleed 1 | . 1 . . . . Interference 5 | . 5 . . . . Siege Activations . | . . . . . . Robots Corrupted . | . . . . . . Combat Hostiles . | . . . . . . Parts Fried . | . . . . . . Impact Corruptions . | . . . . . . Robots Melted . | . . . . . . Combat Hostiles . | . . . . . . Parts Melted 1 | . 1 . . . . Heat Transferred 1443 | 370 629 407 37 . . Parts Sabotaged . | . . . . . . Parts Stolen . | . . . . . . Parts Stripped . | . . . . . . Power Chain Reactions . | . . . . . . Alert | -11 -10 -9 -9 -7 -6 ------- Run | Yrd Mat Mat Min Zio Pro Peak Influence 134 | 15 96 134 87 . . Initial 52 | . 9 . 52 . . Average 46 | 5 33 59 82 . . Maximum Alert Level . | . . . . . . Low Security (%) 100 | 100 100 100 100 . . Level 1 . | . . . . . . Level 2 . | . . . . . . Level 3 . | . . . . . . Level 4 . | . . . . . . Level 5 . | . . . . . . High Security . | . . . . . . Max Security . | . . . . . . Squads Dispatched 2 | . . 2 . . . Investigation 1 | . . 1 . . . Extermination . | . . . . . . Reinforcement 1 | . . 1 . . . Assault . | . . . . . . Garrison . | . . . . . . Intercept . | . . . . . . Searches Triggered . | . . . . . . Construction Impeded . | . . . . . . Haulers Reinforced . | . . . . . . Active Scanning Responses . | . . . . . . Cargo Convoy Interrupts . | . . . . . . Stealth | -11 -10 -9 -9 -7 -6 --------- Run | Yrd Mat Mat Min Zio Pro Distress Signals 2 | . . 2 . . . Communications Jammed . | . . . . . . Distress Signals . | . . . . . . Times Spotted 46 | . 6 14 5 . 21 Peak Tracking Total 11 | . 4 9 3 . 11 Tactical Retreats 8 | . . 2 1 . 5 Traps | -11 -10 -9 -9 -7 -6 ------- Run | Yrd Mat Mat Min Zio Pro Traps Triggered . | . . . . . . Indirectly . | . . . . . . Trap Hack Attempts . | . . . . . . Triggered . | . . . . . . Disarmed . | . . . . . . Reprogrammed . | . . . . . . Reused . | . . . . . . Traps Extracted . | . . . . . . Installed . | . . . . . . Triggered . | . . . . . . Machines | -11 -10 -9 -9 -7 -6 ---------- Run | Yrd Mat Mat Min Zio Pro Machines Disabled . | . . . . . . Max in Single Turn . | . . . . . . Machines Repaired . | . . . . . . Machines Dismantled . | . . . . . . Machines Sabotaged . | . . . . . . Overloaded Fab Kills . | . . . . . . Hacking | -11 -10 -9 -9 -7 -6 --------- Run | Yrd Mat Mat Min Zio Pro Machines Accessed 3 | . 1 2 . . . Terminals 3 | . 1 2 . . . Fabricators . | . . . . . . Repair Stations . | . . . . . . Recycling Units . | . . . . . . Scanalyzers . | . . . . . . Garrison Access . | . . . . . . Total Hacks 6 | . 1 5 . . . Successful 4 | . 1 3 . . . Failed 2 | . . 2 . . . Catastrophic . | . . . . . . Database Lockouts . | . . . . . . Manual 1 | . . . . 1 . Terminals 6 | . 1 5 . . . Fabricators . | . . . . . . Repair Stations . | . . . . . . Recycling Units . | . . . . . . Scanalyzers . | . . . . . . Garrison Access . | . . . . . . Terminal Hacks 4 | . 1 3 . . . Record 1 | . 1 . . . . Alert Level 2 | . . 2 . . . Dispatch Records 1 | . . 1 . . . Fabricator Hacks . | . . . . . . Repair Station Hacks . | . . . . . . Recycling Unit Hacks . | . . . . . . Scanalyzer . | . . . . . . Garrison Access Hacks . | . . . . . . Unauthorized Hacks . | . . . . . . Terminals . | . . . . . . Fabricators . | . . . . . . Repair Stations . | . . . . . . Recycling Units . | . . . . . . Scanalyzers . | . . . . . . Garrison Access . | . . . . . . Data Cores Recovered . | . . . . . . Used . | . . . . . . Hacking Detections 2 | . . 2 . . . Full Trace Events 1 | . . 1 . . . Feedback Events . | . . . . . . Feedback Blocked . | . . . . . . Robot Schematics Acquired 3 | . . . . 3 . Robots Built . | . . . . . . Authchips . | . . . . . . Time . | . . . . . . Total Robot Build Rating . | . . . . . . Part Schematics Acquired 14 | . . . . 14 . Parts Built . | . . . . . . Authchips . | . . . . . . Time . | . . . . . . Total Part Build Rating . | . . . . . . Parts Repaired . | . . . . . . Time . | . . . . . . Parts Recycled . | . . . . . . Recycled Matter . | . . . . . . Retrieved Matter . | . . . . . . Retrieved Components . | . . . . . . Parts Scanalyzed . | . . . . . . Part Schematics Acquired . | . . . . . . Parts Damaged . | . . . . . . Bothacking | -11 -10 -9 -9 -7 -6 ------------ Run | Yrd Mat Mat Min Zio Pro Used RIF Installer . | . . . . . . Robots Hacked . | . . . . . . Non-combat . | . . . . . . Combat . | . . . . . . Robot Hacks Applied . | . . . . . . Relay Couplers Released . | . . . . . . Fabnet Peak Effective % . | . . . . . . Robots Rewired . | . . . . . . Allies Hacked . | . . . . . . Hacks Repelled . | . . . . . . Allies | -11 -10 -9 -9 -7 -6 -------- Run | Yrd Mat Mat Min Zio Pro Total Allies 4 | . . . . 4 . Largest Group 4 | . . . . 4 . Highest-Rated Group 153 | . . . . 153 . Highest-Rated Ally 41 | . . . . 41 . Total Orders . | . . . . . . Ally Attacks . | . . . . . . Total Damage . | . . . . . . Kills . | . . . . . . Allies Corrupted . | . . . . . . Allies Melted . | . . . . . . Intel | -11 -10 -9 -9 -7 -6 ------- Run | Yrd Mat Mat Min Zio Pro Robot Analysis Total . | . . . . . . Derelict Logs Recovered 3 | . . . 1 1 1 Drone Launches . | . . . . . . Drone Recoveries . | . . . . . . Exploration | -11 -10 -9 -9 -7 -6 ------------- Run | Yrd Mat Mat Min Zio Pro Turns Passed 1907 | 123 430 140 234 813 167 Spaces Moved 2431 | 53 230 171 273 1417 287 Core 428 | 9 . 37 273 109 . Treads 285 | 44 230 11 . . . Legs . | . . . . . . Wheels . | . . . . . . Hover . | . . . . . . Flight 1718 | . . 123 . 1308 287 Fastest Speed 40 | 50 160 40 50 50 55 Average Speed 69 | 141 160 57 82 54 55 Slowest Speed 200 | 160 160 200 100 55 55 Overloaded Moves . | . . . . . . Propulsion Burnouts . | . . . . . . Robots Hopped 2 | . . . . . 2 Cave-ins Triggered . | . . . . . . Exploration Rate (%) 42 | 5 38 21 49 90 51 Regions Visited 5 Branch Regions 3 Pre-discovered Areas . | . . . . . . Known Exits Taken 1 | . . . . 1 . Unknown Exits Taken 4 | 1 1 1 1 . . Scrap Searched 6 | . . . 1 3 2 Spaces Dug . | . . . . . . Terrain Destroyed . | . . . . . . Melee . | . . . . . . Projectile . | . . . . . . AOE . | . . . . . . Terrain Rammed . | . . . . . . Walls Destroyed . | . . . . . . Machines Disabled . | . . . . . . Actions | -11 -10 -9 -9 -7 -6 --------- Run | Yrd Mat Mat Min Zio Pro Total 2577 | 84 264 196 279 1459 295 Wait 31 | . . 4 . 23 4 Move 2422 | 52 229 170 272 1416 283 Hop 2 | . . . . . 2 Pick Up 35 | 9 9 3 2 10 2 Fast Attach . | . . . . . . Attach 20 | 6 3 4 2 3 2 Detach 2 | . . 1 1 . . Swap 5 | . 5 . . . . Drop 17 | . 4 4 . 7 2 Fire 43 | 17 14 10 2 . . Melee . | . . . . . . Ram . | . . . . . . Kick . | . . . . . . Crush . | . . . . . . Escape Stasis . | . . . . . . Rewire . | . . . . . . Trap . | . . . . . . Miscellaneous . | . . . . . . Route ------- -11/Scrapyard -10/Materials -9/Materials -9/Mines -7/Zion -6/Proximity Caves (discovered 1 exit: Fac) History --------- Turn | Location | Event 14 | -11/Scrapyard | Discovered new exit (range 16) 124 | -11/Scrapyard | Entered Materials 313 | -10/Materials | Build established: Mutant 546 | -10/Materials | Discovered new exit (range 5) 554 | -10/Materials | Entered another Materials area 554 | -9/Materials | Evolved 2 slots: Power x1, Propulsion x1 615 | -9/Materials | Lost 3 parts (1p1n1w) 692 | -9/Materials | Discovered new exit (range 4) 694 | -9/Materials | Entered Mines 696 | -9/Mines | Core integrity fell below 50% 710 | -9/Mines | A Derelict revealed a hidden shortcut to a safe place 719 | -9/Mines | Learned Materials stockpile data 928 | -9/Mines | Entered Zion 1014 | -7/Zion | Identified exit to Proximity Caves 1141 | -7/Zion | Met Imprinter 1151 | -7/Zion | Imprinted 1153 | -7/Zion | Declared Zion's savior 1558 | -7/Zion | Found Prototype Energy Gun 1675 | -7/Zion | Given the Hacking Drone Bay 1685 | -7/Zion | Found Prototype Device 1741 | -7/Zion | Entered Proximity Caves 1837 | -6/Proximity Caves | Identified exit to Factory 1876 | -6/Proximity Caves | Attracted the attention of an 0b10 base 1887 | -6/Proximity Caves | Core integrity fell below 20% 1908 | -6/Proximity Caves | Destroyed by G-67 Veteran with Field Laser Last Messages --------------- 01771_ Lgt. Assault Rifle destroyed. 01777_ Dropped Med. Laser. 01777_ Dropped Lgt. Ion Engine. 01780_ Acquired Med. Laser. 01815_ Searching scrap... 01815_ Found Imp. Terrain Scanner. 01815_ Found Lgt. Fission Core. 01815_ Found 54 Matter. 01816_ Acquired 20 matter. 01818_ Acquired Lgt. Fission Core. 01837_ Acquired derelict log, extracted data. Loading 1 Proximity Caves exit... 01849_ C-30 ARC bursts open, deploying its payload. 01849_ G-67 Veteran unfolds itself. 01849_ G-50 Soldier unfolds itself. 01852_ Targeting Computer destroyed. 01852_ Lgt. Deuterium Engine destroyed. 01868_ G-50 Soldier springs to life. 01868_ S-27 Virus springs to life. 01898_ Med. Laser destroyed. Map ----- +----------------------------------------------------+ | ?????????????????????????????????????????????????? | | ?????????????????????????????????????????????????? | | ?????????????????????????????????????????????????? | | ?????????????????????????????????????????????????? | | ?????????????????????????????????????????????????? | | ?????????????????????????????????????????????????? | | ?????????????????????????????????????????????????? | | ?????????????????????????????????????????????????? | | ?????????????????????????????????????????????????? | | ?????????????????????????????????????????????????? | | ?????????????????????????????????????????????????? | | ?????????????????????????????????????????????????? | | ?????????????????????????????????????????????????? | | ?????????????????????????????????????????????????? | | ?????????????????????????????????????????????????? | | ?????????????????????????????????????????????????? | | ?????????????????????????????????????????????????? | | ###??????????????????????????????????????????????? | | ##?????????????????????????????????????????????? | | ##????????????????????????????????????????????? | | ###??????????????????????????????????????????? | | #####??????????????????????????????????????? | | # #??????????????????????????????????????? | | ### #????????????????????????????#?????????? | | #?#%"#### ############################ ####??????? | | ##"%#### g g@g #??????? | | " #################### #??????? | | ##????????????????# ####+###### #??????? | | #????????????????# #?" """""#?????????? | | #????????????????# #"" #?????????? | | #### ##????????????????# #"T #?????????? | | #???## #?????????????????# #"" $ #?????????? | | ?????# ##????????????????# # #?????????? | | ?????# ##???????????????# / #?????????? | | ????## ################# #" """#?????????? | | ????# #" "????????????? | | ????# ################## #" "????????????? | | ????######????????????????# ######+#????????????? | | ??????????????????????????# ??????????????????? | | ??????????????????????????# ?????????????????? | | ??????????????????????????#######????????????????? | | ?????????????????????????????????????????????????? | | ?????????????????????????????????????????????????? | | ?????????????????????????????????????????????????? | | ?????????????????????????????????????????????????? | | ?????????????????????????????????????????????????? | | ?????????????????????????????????????????????????? | | ?????????????????????????????????????????????????? | | ?????????????????????????????????????????????????? | | ?????????????????????????????????????????????????? | +----------------------------------------------------+ Best States ------------- Heat Dissipation 28 Energy Generation 14 Energy Capacity 250 Matter Stores 300 Matter Capacity 300 Sight Range 16 Terrain Scan Density 10 Evasion (%) 62 Targeting Accuracy 5 Recoil Reduction 2 Offensive Hacking 11 Item Schematics ----------------- Imp. Target Analyzer | -7/Zion | Archive Point Defense System | -7/Zion | Archive Remote Datajack | -7/Zion | Archive Imp. Cooling System | -7/Zion | Archive Hpw. Shock Rifle | -7/Zion | Archive Imp. Carbon-fiber Leg | -7/Zion | Archive Focal Shield | -7/Zion | Archive Arm. Huge Wheel | -7/Zion | Archive Lightning Gun | -7/Zion | Archive Magnetic Acceleration Cannon | -7/Zion | Archive Adv. Sensor Array | -7/Zion | Archive Gauss Cannon | -7/Zion | Archive Force Booster | -7/Zion | Archive Recoil Nullifier | -7/Zion | Archive Robot Schematics ------------------ S-27 Virus | -7/Zion | Archive B-48 Gladiator | -7/Zion | Archive H-55 Commando | -7/Zion | Archive Fabricated ------------ Nothing Alien Tech Used ----------------- None Achievements -------------- None Challenges ------------ None Game ------ Seed SchematicTrackerReplicator Manual? 0 Play Time 00:20:46 Cumulative 21.3 hours Start 2025.01.19 @ 13:19:48 End 2025.01.19 @ 13:39:12 Sessions 1 Manual Loads 0 Difficulty Rogue Special Mode None Game No. 91 Rogue 91 Adventurer 0 Explorer 0 Win Type - Total 0 Types 0/0/0/0/0/0/0/0/0 Lore% 19 Gallery% 23 Achievement% 24 Wizard Run 0 Options --------- Layout 0 ASCII 0 Keyboard 0 Movement Mouse Keybinds 0 Fullscreen 1 Font 18/SmallcapsGlow Map View 38x25 Zoom Use 91% Tactical HUD 1 Map Filters NONE Filters NONE Steam 1 RUN: d89b21f6-8900-4f7a-9099-02c6fd78d426